 Dungeon Crawl Stone Soup version 0.27.1-34-g3ba077fa99 (webtiles) character file.

Game seed: 14215012836879181036

32 comborobin the Covert (level 3, 0/22 (28) HPs)
             Began as a Vampire Delver on Jan 8, 2022.
             Slain by a necrophage (5 damage)
             ... on level 4 of the Dungeon.
             The game lasted 00:00:47 (215 turns).

comborobin the Covert (Vampire Delver)               Turns: 215, Time: 00:00:47

HP:   0/22 (28)     AC:  3    Str: 12    XL:     3   Next: 8%
MP:   3/3           EV: 12    Int: 12    God:
Gold: 3             SH:  0    Dex: 15    Spells: 2/2 levels left

rFire    . . .     SeeInvis +     - Unarmed
rCold    . . .     Faith    .   (no shield)
rNeg     . . .     Spirit   .   a - +0 leather armour
rPois    .         Reflect  .   (no helmet)
rElec    .         Harm     .   (no cloak)
rCorr    .         Rampage  .   (no gloves)
Will     .....                  (no boots)
Stlth    ++++......             (no amulet)
HPRegen  0.27/turn              (no ring)
MPRegen  0.08/turn              (no ring)

@: healing quickly, heavily drained
A: alive, fangs 3, see invisible, vampiric 2
a: Exsanguinate


You were on level 4 of the Dungeon.
You visited 1 branch of the dungeon, and saw 3 of its levels.

You collected 3 gold pieces.

Inventory:

Armour
 a - a +0 leather armour (worn)
Wands
 f - a wand of digging (3)
Scrolls
 b - a scroll of fog
 c - a scroll of vulnerability {unknown}
 d - a scroll of fear
Potions
 e - a potion of haste


   Skills:
 - Level 2.6 Fighting
 - Level 2.1 Dodging
 + Level 8.7 Stealth
 - Level 2.1 Unarmed Combat


You had 2 spell levels left.
You didn't know any spells.
Your spell library was empty.

Dungeon Overview and Level Annotations

Branches:
Dungeon (6/15)             Temple (0/1) D:6

Altars:
Kikubaaqudgha


Innate Abilities, Weirdness & Mutations

Your natural rate of healing is accelerated.
You have razor-sharp teeth.
You have supernaturally acute eyesight. (SInv)
You are afflicted with vampirism and can become a bat while bloodless.


Message History

You closely miss the necrophage.
The necrophage is moderately damaged.
The necrophage barely misses you.
You barely miss the necrophage.
The necrophage is moderately damaged.
The necrophage barely misses you.
You closely miss the necrophage.
The necrophage is moderately damaged.
The necrophage hits you but does no damage.
You hit the necrophage.
The necrophage is heavily damaged.
The necrophage hits you!
You feel drained.
You hit the necrophage but do no damage.
The necrophage is heavily damaged.
The necrophage barely misses you.
You closely miss the necrophage. Your bite misses the necrophage.
The necrophage is heavily damaged.
The necrophage closely misses you.
You completely miss the necrophage. Your bite misses the necrophage.
The necrophage is heavily damaged.
The necrophage closely misses you.
You hit the necrophage but do no damage.
The necrophage is heavily damaged.
The necrophage barely misses you.
You hit the necrophage.
The necrophage is heavily damaged.
The necrophage hits you.
You feel drained.
You closely miss the necrophage.
The necrophage is heavily damaged.
The necrophage hits you.
You feel drained.
You are too injured to fight recklessly!
You closely miss the necrophage. Your bite misses the necrophage.
The necrophage is heavily damaged.
The necrophage hits you.
* * * LOW HITPOINT WARNING * * *
You are too injured to fight recklessly!
You hit the necrophage.
The necrophage is severely damaged.
The necrophage hits you.
You die...

................##
..#####..........#
#...........
##8#.#8#... ###'#
# .# ###.###
#_'.'.# ###.###
#n@.+ ###.# +.+
#.# +.+ #.# +.+
#.#


You could see a necrophage.

Vanquished Creatures
  A human zombie (D:4)
  A jackal zombie (D:4)
2 creatures vanquished.

Notes
Turn   | Place    | Note
-------+----------+-------------------------------------------
     0 | D:5      | comborobin the Vampire Delver began the quest for the Orb.
     0 | D:5      | Reached XP level 1. HP: 17/17 MP: 1/1
    58 | D:5      | Noticed a wyvern zombie
   116 | D:4      | Found an ancient bone altar of Kikubaaqudgha.
   184 | D:4      | Reached skill level 8 in Stealth
   184 | D:4      | Reached XP level 2. HP: 22/23 MP: 2/2
   184 | D:4      | Gained mutation: You are afflicted with vampirism and can
                  | become a bat while bloodless. [Vampire growth]
   184 | D:4      | Reached XP level 3. HP: 26/28 MP: 3/3
   195 | D:4      | Noticed a necrophage
   215 | D:4      | Slain by a necrophage

Illustrated notes

Levels and vault maps discovered:
D:4:      layout_loops_ring, lemuel_mausoleum_altar_kikubaaqudgha,
          elyvilon_altar_3, nicolae_elemental_shop, grunt_ministairs_11,
          nrook_uturn, palyth_stone_intersect
D:5:      layout_loops_ring, lemuel_crystal_altar, uniq_prince_ribbit1,
          uniq_menkaure
D:6:      layout_loops_corners, temple_doors_cd, minmay_ruffians

Skill      XL: |  1 |
---------------+----+-----
Stealth        | 8 |  8.7
Fighting       | |  2.6
Dodging        | |  2.1
Unarmed Combat | |  2.1

Action                   || total
-------------------------++-------
Melee: Unarmed           ||    47
       Bite              ||     4
       Punch             ||     1
  Use: Scroll            ||     1
 Stab: Sleeping          ||     2
Armor: Leather armour    ||     8
Dodge: Dodged            ||    19
